 Dungeon Crawl Stone Soup version 0.27.1-3-gb3d3a73c9e (webtiles) character file.

Game seed: 16468464985820185384

18 Turgor the Magician (level 2, 0/22 HPs)
             Began as a Djinni Fire Elementalist on Oct 24, 2021.
             Slain by a jackal (1 damage)
             ... on level 1 of the Dungeon.
             The game lasted 00:05:31 (716 turns).

Turgor the Magician (Djinni Fire Elementalist)       Turns: 716, Time: 00:05:32

Health: 0/22       AC:  2    Str:  7    XL:     2   Next: 90%
Gold:   50         EV: 12    Int: 16    God:
                   SH:  0    Dex: 13

rFire    + + .     SeeInvis .   b - +0 dagger
rCold    x . .     Faith    .   (no shield)
rNeg     . . .     Spirit   .   a - +0 robe
rPois    ∞         Reflect  .   (no helmet)
rElec    .         Harm     .   (no cloak)
rCorr    .         Rampage  .   (no gloves)
Will     .....                  (boots unavailable)
Stlth    ++........             (no amulet)
HPRegen  0.07/turn              (no ring)
MPRegen  0.00/turn              (no ring)

@: flying
A: sickness immunity, fire resistance 2, cold vulnerability 1, float, innate
caster, hp casting, extra vitality 1
a: no special abilities


You were on level 1 of the Dungeon.
You visited 1 branch of the dungeon, and saw 1 of its levels.

You collected 50 gold pieces.

Inventory:

Hand Weapons
 b - a +0 dagger (weapon)
Missiles
 e - a stone
Armour
 a - a +0 robe (worn)
Scrolls
 d - a scroll of teleportation {unknown}


   Skills:
 + Level 0.9 Fighting
 + Level 2.5 Dodging
 - Level 1.5 Stealth
 * Level 2.8 Spellcasting


You couldn't memorise any spells.
You knew the following spells:

 Your Spells              Type           Power      Damage    Failure   Level
a - Foxfire               Conj/Fire      44%        2x1d6     6%          1
b - Conjure Flame         Conj/Fire      11%        6-21      19%         3
c - Inner Flame           Hex/Fire       11%        N/A       19%         3
d - Sticky Flame          Conj/Fire      11%        2d3       52%         4
e - Fireball              Conj/Fire      5%         3d5       86%         5
Your spell library was empty.

Dungeon Overview and Level Annotations

Branches:
Dungeon (1/15)

Altars:


Innate Abilities, Weirdness & Mutations

You are immune to sickness and miasma.
You are immune to poison.
Your flesh is very heat resistant. (rF++)
You are vulnerable to cold. (rC-)
You float through the air rather than walking.
You learn spells naturally, not from books.
Your magical power is your life essence.
You have superior vitality. (+4 HP)


Message History

The jackal barely misses you. The jackal bites you. x2
* * * LOW HITPOINT WARNING * * *
You miss the jackal.
The jackal is severely wounded.
The jackal closely misses you. The jackal barely misses you. x2
You hit the jackal but do no damage.
The jackal is severely wounded.
The jackal closely misses you. The jackal bites you.
* * * LOW HITPOINT WARNING * * *
You hit the jackal but do no damage.
The jackal is severely wounded.
The jackal barely misses you. x2; The jackal closely misses you.
The jackal bites you.
* * * LOW HITPOINT WARNING * * *
You closely miss the jackal.
The jackal is severely wounded.
The jackal barely misses you. The jackal closely misses you.
You barely miss the jackal.
The jackal is severely wounded.
The jackal barely misses you. The jackal closely misses you.
The jackal barely misses you.
You closely miss the jackal.
The jackal is severely wounded.
The jackal closely misses you. The jackal misses you.
The jackal bites you but does no damage.
You hit the jackal.
You kill the jackal!
The jackal barely misses you. The jackal bites you.
* * * LOW HITPOINT WARNING * * *
The jackal bites you.
* * * LOW HITPOINT WARNING * * *
You see here a jackal corpse.
Casting: Foxfire (safe; 6% risk of failure)
Confirm with . or Enter, or press ? or * to list all spells.
You don't have enough health to cast this spell.
The jackal barely misses you. The jackal barely misses you.
The jackal bites you.
You die...

#.# #######.. #.#
###.....#.. #.#
#.+........ #.#
#.#.....##. #.#
#.#.....##. #.#
#.#........ #.#
#.#........ #.#
##'#........ #@#
##....##..... #h#
#.....##..... #.#
#.....##..... #.#
#.....######. #.#
#.....# #. #.#
#.....# #. #.#
###.########. #.#
#..........
#†################


You could see a jackal.

Vanquished Creatures
  2 endoplasms (D:1)
  A goblin (D:1)
  4 hobgoblins (D:1)
  3 jackals (D:1)
  2 bats (D:1)
  A frilled lizard (D:1)
  2 kobolds (D:1)
  A rat (D:1)
16 creatures vanquished.

Vanquished Creatures (others)
  29 foxfires (D:1)
29 creatures vanquished.

Grand Total: 45 creatures vanquished

Notes
Turn   | Place    | Note
-------+----------+-------------------------------------------
     0 | D:1      | Turgor the Djinni Fire Elementalist began the quest for the
                  | Orb.
     0 | D:1      | Reached XP level 1. HP: 15/15 MP: 0/0
   220 | D:1      | Reached XP level 2. HP: 21/22 MP: 0/0
   708 | D:1      | HP: 1/22 [jackal (1)]
   716 | D:1      | Slain by a jackal

Illustrated notes

Levels and vault maps discovered:
D:1:      lightli_arrival_noodles, layout_basic

Action                   || total
-------------------------++-------
Melee: Dagger            ||    28
 Cast: Foxfire           ||    21
  Use: Scroll            ||     4
       Potion            ||     1
Armor: Robe              ||    11
Dodge: Dodged            ||    53
